 Dungeon Crawl Stone Soup version 0.26-a0-489-g112e8ad46e (webtiles) character file.

Game seed: 8519364935429440653

2755 MrRokkomies the Covert (level 9, -1/34 HPs)
             Began as a Felid Venom Mage on Aug 3, 2020.
             Was a Priest of Kikubaaqudgha.
             Slain by a wight
             ... wielding a +6 war axe of freezing
              (2 damage)
             ... on level 10 of the Dungeon.
             The game lasted 00:37:26 (14602 turns).

MrRokkomies the Covert (Felid Venom Mage)          Turns: 14602, Time: 00:37:27

Health: -1/34      AC:  2    Str:  4    XL:     9   Next: 41%
Magic:  2/13       EV: 24    Int: 21    God:    Kikubaaqudgha [***...]
Gold:   554        SH:  0    Dex: 16    Spells: 0/12 levels left
                                        Lives:  0   Deaths: 2

rFire    . . .     SeeInvis +     - Unarmed
rCold    . . .     Faith    .   (shield unavailable)
rNeg     . . .     Spirit   .   (armour unavailable)
rPois    .         Reflect  .   (helmet unavailable)
rElec    .         Harm     .   (cloak unavailable)
rCorr    .                      (gloves unavailable)
MR       +....                  (boots unavailable)
Stlth    ++++......             s - amulet of the acrobat
HPRegen  0.11/turn              (no ring)
MPRegen  0.13/turn              (no ring)

@: very slightly contaminated, drained, invisible, quick
A: very small, no armour, no weapons or thrown items, stealth, claws 1, fangs 3,
see invisible, speed 1, shaggy fur 2, sharp paws
a: Receive Corpses, Renounce Religion


You were on level 10 of the Dungeon.
You worshipped Kikubaaqudgha.
Kikubaaqudgha was most pleased with you.
You visited 1 branch of the dungeon, and saw 10 of its levels.

You collected 554 gold pieces.

Inventory:

Jewellery
 i - an uncursed amulet of reflection
 s - an amulet of the acrobat (around neck)
Wands
 j - a wand of random effects (13)
 l - a wand of paralysis (5)
 m - a wand of flame (36)
 o - a wand of iceblast (9)
Scrolls
 a - 5 scrolls of remove curse
 f - a scroll of identify
 n - a scroll of teleportation
Potions
 b - 2 potions of ambrosia
 c - a potion of mutation
 d - a potion of might
 e - 3 potions of brilliance
 g - a potion of invisibility
 h - 2 potions of stabbing
 p - a potion of cancellation
 q - a potion of degeneration {unknown}
 r - a potion of berserk rage {unknown}


   Skills:
 + Level 9.6(8.4) Dodging
 - Level 10.0(8.7) Stealth
 * Level 10.0(8.8) Unarmed Combat
 * Level 2.2(1.2) Spellcasting
 - Level 8.0(6.8) Hexes
 - Level 1.1(0.1) Transmutations
 + Level 0.2(0.0) Air Magic
 - Level 8.0(6.8) Poison Magic


You couldn't memorise any spells.
You knew the following spells:

 Your Spells              Type           Power        Failure   Level
a - Sting                 Tmut/Pois      ###.         3%          1
b - Poisonous Vapours     Pois/Air       ###...       6%          2
c - Mephitic Cloud        Conj/Pois/Air  ##......     19%         3
d - Ignite Poison         Fire/Tmut/Pois ##......     19%         3
e - Confusing Touch       Hex            ####....     2%          3

Your spell library contained the following spells:

 Spells                   Type           Power        Failure   Level
 Corona                   Hex            ####...      1%          1
 Tukima's Dance           Hex            ####....     2%          3
 Ensorcelled Hibernation  Hex/Ice        ###...       6%          2
 Olgreb's Toxic Radiance  Pois           ####....     10%         4
 Dazzling Flash           Conj/Hex       ###...       12%         3
 Animate Skeleton         Necr           #.....       16%         1
 Pain                     Necr           #...         16%         1
 Sublimation of Blood     Necr           #.........   24%         2
 Vampiric Draining        Necr           #.........   43%         3
 Animate Dead             Necr           #.........   85%         4
 Dispel Undead            Necr           #.......     85%         4
 Agony                    Necr           #.......     99%         5
 Borgnjor's Vile Clutch   Necr/Erth      #.........   99%         5
 Death Channel            Necr           #.........   100%        6


Dungeon Overview and Level Annotations

Branches:
Dungeon (10/15)            Temple (0/1) D:7             Orc (0/2) D:9
   Lair: D:8-11

Altars:
Dithmenos
Kikubaaqudgha
Qazlal
Wu Jian
Beogh

Shops:
D:4 ?


Innate Abilities, Weirdness & Mutations

You cannot wear armour.
You are incapable of wielding weapons or throwing items.
Your paws allow you to move quietly. (Stealth)
You have sharp claws.
You have razor-sharp teeth.
You have supernaturally acute eyesight. (SInv)
You cover ground quickly.
You are covered in thick fur. (AC +2)
Your sharp claws are effective at attacking unaware monsters.


Message History

An open door.
You fade into invisibility!
The wight hits you from afar with a +3 halberd!
You feel drained.
* * * LOW HITPOINT WARNING * * *
You claw the wight!
The wight is heavily damaged.
The wight misses you. The wight completely misses you.
There is an open door here.
You pounce on the helpless wight from behind!
You claw the wight!
You destroy the wight!
Kikubaaqudgha accepts your kill.
The wight hits you with a +6 war axe of freezing!
* * * LOW HITPOINT WARNING * * *
You feel drained.
* * * LOW HITPOINT WARNING * * *
The wight freezes you.
You die...
Kikubaaqudgha rasps: "You have failed me!
Welcome... death!"

#....# ..... #....# ...
#....# #'## #....# #..#
###.## ##.# #####.### #z#
#.......# #.#
#.......##########.######
+......)@zzz)...........#
#.......##########.####.#
#.......# #.# #.......#
#.# #...)...# #.#
#.......# #.# ###+#####
#.# .#


You could see 3 wights.

Vanquished Creatures
  Harold (D:8)
  Pikel (D:4)
  A manticore (D:9)
  5 hippogriffs
  5 yaks (D:9)
  4 sky beasts (D:7)
  2 black bears (D:9)
  2 ice beasts (D:8)
  4 orc warriors
  5 phantoms
  2 centaurs (D:6)
  5 ogres
  4 bullfrogs
  A wyvern zombie (D:6)
  4 scorpions
  7 killer bees (D:7)
  7 wights
  4 howler monkeys
  A centaur zombie (D:9)
  A quasit (D:7)
  3 bullfrog zombies
  3 hounds
  4 jellies
  5 orc priests
  4 bullfrog skeletons
  2 centaur skeletons
  8 orc wizards
  Jessica (D:2)
  10 worker ants
  3 iguanas
  An ogre zombie (D:9)
  A hound skeleton (D:8)
  A howler monkey zombie (D:8)
  A gnoll (D:5)
  12 adders
  4 river rats (D:5)
  A white imp (D:8)
  2 ufetubi
  An adder zombie (D:7)
  A worm (D:2)
  6 leopard geckos
  43 orcs
  4 giant cockroaches
  7 goblins
  8 hobgoblins
  7 jackals
  5 kobolds
  3 quokkas
  2 ball pythons
  4 bats
  2 frilled lizards
  2 goblin skeletons (D:9)
  A goblin zombie (D:9)
  A hobgoblin skeleton (D:9)
  2 hobgoblin zombies (D:9)
  A leopard gecko skeleton (D:2)
  2 orc skeletons (D:9)
  5 orc zombies (D:9)
  2 quokka skeletons
  3 rats (D:2)
  2 toadstools (D:1)
246 creatures vanquished.

Vanquished Creatures (others)
  2 toadstools (D:1)
2 creatures vanquished.

Grand Total: 248 creatures vanquished

Notes
Turn   | Place    | Note
-------+----------+-------------------------------------------
     0 | D:1      | MrRokkomies the Felid Venom Mage began the quest for the
                  | Orb.
     0 | D:1      | Reached XP level 1. HP: 7/7 MP: 4/4
   781 | D:1      | Reached XP level 2. HP: 11/11 MP: 4/6
   819 | D:1      | Learned a level 2 spell: Poisonous Vapours
   843 | D:1      | Reached skill level 1 in Unarmed Combat
  1254 | D:2      | Reached XP level 3. HP: 14/14 MP: 2/7
  1502 | D:2      | Learned a level 3 spell: Mephitic Cloud
  1749 | D:2      | Noticed Jessica
  1768 | D:2      | Killed Jessica
  1779 | D:2      | Reached XP level 4. HP: 7/18 MP: 0/8
  2929 | D:3      | Reached XP level 5. HP: 6/21 MP: 5/9
  3362 | D:3      | HP: 1/21 [orc wizard/puff of flame (11)]
  3640 | D:4      | Noticed Pikel
  3640 | D:4      | Noticed a lemure
  3640 | D:4      | Noticed a lemure
  3640 | D:4      | Noticed a lemure
  3641 | D:4      | Noticed a lemure
  3922 | D:4      | Gained mutation: You are covered in thick fur. (AC +2)
                  | [Felid growth]
  3922 | D:4      | Reached XP level 6. HP: 24/24 MP: 10/10
  4379 | D:4      | Found Loem's Magic Scroll Shop.
  4473 | D:4      | Killed Pikel
  4473 | D:4      | Reached skill level 5 in Dodging
  4473 | D:4      | Reached skill level 5 in Stealth
  4473 | D:4      | Reached skill level 5 in Poison Magic
  4473 | D:4      | Reached XP level 7. HP: 22/27 MP: 1/11
  4798 | D:5      | Entered Level 5 of the Dungeon
  5125 | D:5      | Found a shadowy altar of Dithmenos.
  5125 | D:5      | Found an ornate altar of the Wu Jian Council.
  5125 | D:5      | Found an ancient bone altar of Kikubaaqudgha.
  5128 | D:5      | Found a stormy altar of Qazlal.
  5133 | D:5      | Became a worshipper of Kikubaaqudgha
  5184 | D:5      | Reached skill level 5 in Unarmed Combat
  5189 | D:5      | Learned a level 3 spell: Ignite Poison
  5405 | D:5      | Reached XP level 8. HP: 31/31 MP: 7/12
  7615 | D:7      | Reached XP level 9. HP: 34/34 MP: 13/13
  7987 | D:7      | Learned a level 3 spell: Confusing Touch
  8309 | D:7      | Reached * piety under Kikubaaqudgha
  8309 | D:7      | Identified Kikubaaqudgha's Reference Book on Black Secrets
                  | (Kikubaaqudgha gifted it to you on level 7 of the Dungeon)
  8309 | D:7      | Received a gift from Kikubaaqudgha
  8517 | D:7      | Found a staircase to the Ecumenical Temple.
  9601 | D:7      | Reached skill level 1 in Hexes
 10035 | D:8      | Noticed Harold
 10225 | D:8      | HP: 1/34 [hippogriff (4)]
 10241 | D:8      | Reached XP level 10. HP: 26/37 MP: 8/14
 10410 | D:8      | Reached ** piety under Kikubaaqudgha
 10602 | D:8      | Found a roughly hewn altar of Beogh.
 12029 | D:8      | Killed Harold
 12029 | D:8      | Reached skill level 5 in Hexes
 12709 | D:9      | Slain by a wight
 12710 | D:9      | Reached XP level 9. HP: -2/34 MP: 3/13
 12989 | D:9      | Found a staircase to the Orcish Mines.
 13035 | D:9      | Reached *** piety under Kikubaaqudgha
 13035 | D:9      | Identified Kikubaaqudgha's Collected Works on Dark Arts
                  | (Kikubaaqudgha gifted it to you on level 9 of the Dungeon)
 13035 | D:9      | Received a gift from Kikubaaqudgha
 13360 | D:9      | Reached skill level 10 in Stealth
 13369 | D:9      | Noticed a manticore
 13375 | D:9      | Killed a manticore
 13375 | D:9      | Reached XP level 10. HP: 30/37 MP: 12/14
 13901 | D:9      | Slain by a two-headed ogre zombie
 13902 | D:9      | Reached XP level 9. HP: 0/34 MP: 5/13
 14260 | D:10     | Entered Level 10 of the Dungeon
 14335 | D:10     | Reached skill level 10 in Unarmed Combat
 14602 | D:10     | HP: 1/34 [wight/+6 war axe of freezing (1)]
 14602 | D:10     | Slain by a wight

Illustrated notes

Levels and vault maps discovered:
D:1:      ldierk_water_garden, layout_rooms
D:2:      layout_rooms, uniq_jessica
D:3:      layout_basic, chequers_serial_rivers_room_a
D:4:      layout_loops_ring, serial_shops, kennysheep_mini_moat, uniq_pikel
D:5:      wad_woods_tower, layout_cave_pods, grunt_temple_overflow_open,
          minmay_bent
D:6:      layout_loops_cross
D:7:      layout_rooms, minmay_temple_entry_glass
D:8:      layout_rooms, special_room [special_room_orc], uniq_harold
D:9:      layout_basic, zombieorc2_lemuel
D:10:     layout_roguey, feat_on_display

Skill      XL: |  1  2  3  4  5  6  7  8  9 10 |
---------------+-------------------------------+-----
Dodging        | 3 4 5 6 8 9 |  9.6
Stealth        | 3 4 5 6 7 10 9 | 10.0
Unarmed Combat | 1 2 3 4 5 6 10 9 | 10.0
Poison Magic   | 3 4 5 6 8 |  8.0
Hexes          | 8 6 |  8.0
Spellcasting   | |  2.2
Transmutations | |  1.1
Air Magic      | |  0.2

Action                   |  1- 3 |  4- 6 |  7- 9 | 10-12 || total
-------------------------+-------+-------+-------+-------++-------
Melee: Unarmed           |    32 |    84 |   333 |   207 ||   656
       Bite              |     2 |     2 |    17 |    16 ||    37
       Punch             |       |       |    10 |     6 ||    16
 Cast: Sting             |    48 |    34 |   138 |    60 ||   280
       Poisonous Vapours |       |     9 |    24 |    15 ||    48
       Mephitic Cloud    |       |     1 |     6 |    10 ||    17
       Ignite Poison     |       |       |     1 |     5 ||     6
Evoke: Wand              |       |       |    22 |     4 ||    26
  Use: Scroll            |       |     8 |    13 |     1 ||    22
       Potion            |       |     1 |     4 |     1 ||     6
 Stab: Sleeping          |     2 |     8 |    14 |     2 ||    26
       Confused          |       |     2 |     4 |       ||     6
       Distracted        |       |       |     5 |     1 ||     6
       Paralysed         |       |       |     7 |       ||     7
       Invisible         |       |       |     1 |       ||     1
Armor: Skin              |     8 |     6 |    13 |     7 ||    34
Dodge: Dodged            |    53 |    85 |   306 |   194 ||   638
Block: Other             |       |     6 |    70 |       ||    76

Table legend: (Time is in decaauts)
 A = Elapsed time spent in this place.
 B = Non-inter-level travel time spent in this place.
 C = Inter-level travel time spent in this place.
 D = Time resting spent in this place.
 E = Time spent auto-exploring this place.
 F = Levels seen in this place.
 G = Mean time per level.
                   A        B        C        D        E       F      G
               +--------+--------+--------+--------+--------+-----+--------+
         Total |  13450 |  13205 |    245 |   3563 |   7327 |  10 | 1345.0 |
       Dungeon |  13450 |  13205 |    245 |   3563 |   7327 |  10 | 1345.0 |
               +--------+--------+--------+--------+--------+-----+--------+

Top non-repeatable levels by time:
     D:8: 2788 daAuts
     D:6: 1803 daAuts
     D:7: 1771 daAuts
     D:5: 1281 daAuts
     D:1: 1160 daAuts
     D:2: 1157 daAuts
     D:9: 1104 daAuts
     D:3: 1043 daAuts
     D:4: 1007 daAuts
    D:10: 331 daAuts
